 Dungeon Crawl Stone Soup version 0.27-a0-1119-gbf574a6a6b (webtiles) character file.

Game seed: 11425295869805523199

0 spiderkeys the Skirmisher (level 1, -3/19 HPs)
             Began as a Minotaur Abyssal Knight on May 3, 2021.
             Was a Follower of Lugonu.
             Killed by divine providence
             ... invoked by a smoke demon
              (15 damage)
             ... on level 1 of the Abyss.
             The game lasted 00:00:42 (46 turns).

spiderkeys the Skirmisher (Minotaur Abyssal Knight)   Turns: 46, Time: 00:00:43

Health: -3/19      AC:  3    Str: 16    XL:     1   Next: 0%
Magic:  1/1        EV: 11    Int:  9    God:    Lugonu [*.....]
Gold:   0          SH:  0    Dex:  9    Spells: 0/0 levels left

rFire    . . .     SeeInvis .   a - +1 spear
rCold    . . .     Faith    .   (no shield)
rNeg     . . .     Spirit   .   b - +0 leather armour
rPois    .         Reflect  .   (helmet restricted)
rElec    .         Harm     .   (no cloak)
rCorr    .         Rampage  .   (no gloves)
Will     .....                  (no boots)
Stlth    +.........             (no amulet)
HPRegen  0.06/turn              (no ring)
MPRegen  0.07/turn              (no ring)

@: no status effects
A: horns 2, retaliatory headbutt
a: Renounce Religion, Depart the Abyss


You were on level 1 of the Abyss.
You worshipped Lugonu.
Lugonu was aware of your devotion.
You visited 0 branches of the dungeon, and saw 0 of its levels.
You visited the Abyss 1 time.


Innate Abilities, Weirdness & Mutations

You have a pair of horns on your head.
You reflexively headbutt those who attack you in melee.


   Skills:
 + Level 3.6 Fighting
 * Level 2.4 Polearms
 + Level 2.4 Armour
 + Level 1.1 Dodging
 + Level 1.7 Invocations


You couldn't memorise any spells.
You didn't know any spells.
Your spell library was empty.

Inventory:

Hand Weapons
 a - a +1 spear (weapon)
Armour
 b - a +0 leather armour (worn)
Scrolls
 d - a scroll of identify {unknown}
Potions
 c - a potion of haste {unknown}

Dungeon Overview and Level Annotations

Branches:
Dungeon (0/15)

Altars:

.. .. ... .#.# ### #..
#.. #...#..#### ≈≈
.##..##..##..##.≈≈≈≈≈≈≈≈
............♣≈≈≈♣≈≈≈≈≈
.......≈♣≈≈≈≈≈≈≈≈♣≈≈≈≈ ≈
#≈≈≈≈≈≈≈≈≈≈≈≈≈≈≈≈≈#.#.#
≈≈♣≈≈≈≈≈≈♣─X≈≈.....# #.#
≈≈≈≈≈≈≈≈w─...##...#.#.##
≈≈≈≈...@......###.......
.##..##..##3..# ###.####
# #..##..#.# .##
...........#.
.........##### # #
.##..##... # #..
#..##..#. . .. .........
##


You could see a tentacled starspawn, a smoke demon and a starspawn tentacle.


Message History

🤖 Initializing magus.rc ...
Options error: Delay interrupt name "hungry" not recognised. (~/.crawlrc:4988) ✅ Successfully initialized magus.rc [v1.9.10] Welcome, spiderkeys the Minotaur Abyssal Knight.
Will you be the one to retrieve the legendary Orb of Zot from the depths?
Lugonu says: Depart the Abyss and spread corruption, my servant! (use the ability menu to exit the Abyss) Press ? for a list of commands and other information.
Found a corrupted altar of Lugonu.
Found a gateway leading out of the Abyss.
There is a gateway leading out of the Abyss here.
c - a metallic blue potion
d - a scroll labelled FYCZUE ELIS You enter the shallow water.
Moving in this stuff is going to be slow.
A smoke demon comes into view.
Tentacles burst from the starspawn's body! 2 starspawn tentacles come into view.
The smoke demon roars!
The starspawn tentacle grabs you.
The starspawn tentacle constricts you. 😕 HP[-2]
You take 2 damage, and now have 17/19 hp.
You escape the starspawn tentacle's grasp.
The starspawn tentacle misses you.
The starspawn tentacle closely misses you.
You furiously retaliate!
You headbutt the starspawn tentacle, but do no damage.
The starspawn tentacle closely misses you.
You furiously retaliate!
You headbutt the starspawn tentacle, but do no damage.
The starspawn tentacle grabs you. The starspawn tentacle constricts you.
The starspawn tentacle loses its grip on you.
The tentacle pulls you backwards!
A starspawn tentacle segment comes into view. 😮 HP[-3]
You take 3 damage, and now have 14/19 hp.
The starspawn tentacle grabs you.
The starspawn tentacle constricts you. 😮 HP[-2]
You take 2 damage, and now have 12/19 hp.
You escape the starspawn tentacle's grasp.
The smoke demon gestures at you. Something smites you!
Ouch! That really hurt!
You die...

Action                   || total
-------------------------++-------
Dodge: Dodged            ||     3

Levels and vault maps discovered:
Abyss:1:  base: Temple, base: Temple, hangedman_decor_peaks_small,
          due_exit_kobolds

Notes
Turn   | Place    | Note
-------+----------+-------------------------------------------
     0 | Abyss:1  | spiderkeys the Minotaur Abyssal Knight began the quest for
                  | the Orb.
     0 | Abyss:1  | Reached XP level 1. HP: 19/19 MP: 1/1
     0 | Abyss:1  | magus.rc [v1.9.10]
    38 | Abyss:1  | Noticed a tentacled starspawn
    40 | Abyss:1  | Noticed a smoke demon
    46 | Abyss:1  | Killed from afar by a smoke demon

Vanquished Creatures (others)
  A starspawn tentacle (Abyss:1)
1 creature vanquished.

Table legend:
 A = Non-vault XP
 B = Vault XP
 C = Vault XP percentage of total XP
 D = Non-vault monster count
 E = Vault monster count
 F = Vault count percentage of total count
                 A         B        C        D         E       F
            +---------+---------+-------+---------+---------+-------
      Total |       0 |       0 |   N/A |       0 |       0 |  -nan
            +---------+---------+-------+---------+---------+-------
            +---------+---------+-------+---------+---------+-------

Illustrated notes

Table legend: (Time is in decaauts)
 A = Elapsed time spent in this place.
 B = Non-inter-level travel time spent in this place.
 C = Inter-level travel time spent in this place.
 D = Time resting spent in this place.
 E = Time spent auto-exploring this place.
 F = Levels seen in this place.
 G = Mean time per level.
                   A        B        C        D        E       F      G
               +--------+--------+--------+--------+--------+-----+--------+
         Total |     46 |     46 |      0 |      0 |      1 |   1 |   46.0 |
         Abyss |     46 |     46 |      0 |      0 |      1 |   1 |   46.0 |
               +--------+--------+--------+--------+--------+-----+--------+

Top non-repeatable levels by time:
 Abyss:1: 46 daAuts
